 Dungeon Crawl Stone Soup version 0.30-a0-54-g2e61a25929 (webtiles) character file.

Game seed: 331634743062162532

7 MrFrogsmire the Gusty (level 1, -1/14 HPs)
             Began as a Demigod Air Elementalist on Sept 8, 2022.
             Slain by a hobgoblin (3 damage)
             ... on level 3 of the Dungeon.
             The game lasted 00:02:17 (387 turns).

MrFrogsmire the Gusty (Demigod Air Elementalist)     Turns: 387, Time: 00:02:17

Health: -1/14      AC:  2    Str:  9    XL:     1   Next: 73%
Magic:  12/14      EV: 12    Int: 17    God:
Gold:   11         SH:  0    Dex: 14    Spells: 3/4 levels left

rFire   . . .      SeeInvis .    f - +0 whip
rCold   . . .      Faith    .    (no shield)
rNeg    . . .      Spirit   .    a - +0 robe
rPois   .          Reflect  .    (no helmet)
rElec   .          Harm     .    (no cloak)
rCorr   .          Rampage  .    (no gloves)
Will    .....                    (no boots)
Stlth   ++........               (no amulet)
HPRegen 0.04/turn                c - ring of magical power
MPRegen 0.14/turn                (no ring)

@: no status effects
A: high MP 1, forlorn, divine attributes
a: no special abilities


You were on level 3 of the Dungeon.
You visited 1 branch of the dungeon, and saw 3 of its levels.

You collected 11 gold pieces.

Inventory:

Hand Weapons
 f - a +0 whip (weapon)
Armour
 a - a +0 robe (worn)
Jewellery
 c - a ring of magical power (left hand)
Scrolls
 d - a scroll of blinking {unknown}
 e - a scroll of acquirement {unknown}
Potions
 b - a potion of magic


   Skills:
 + Level 1.7 Dodging
 + Level 1.9 Stealth
 + Level 2.1 Spellcasting
 + Level 0.8 Conjurations
 + Level 2.8 Air Magic


You had 3 spell levels left.
You knew the following spells:

 Your Spells              Type           Power      Damage    Failure   Level
a - Shock                 Conj/Air       32%        1d5       9%          1

Your spell library contained the following spells:

 Spells                   Type           Power      Damage    Failure   Level
 Static Discharge         Conj/Air       16%        3-4/arc   14%         2
 Swiftness                Air            11%        N/A       19%         3
 Airstrike                Air            5%         2d(1-17)  52%         4


Dungeon Overview and Level Annotations

Branches:
Dungeon (3/15)


Innate Abilities, Weirdness & Mutations

You have an increased reservoir of magic. (+10% MP)
You shall have no god before yourself.
Your divine heritage dramatically boosts your attributes as you level up.


Message History

The endoplasm misses you.
The zap hits the endoplasm.
The endoplasm is heavily wounded.
The endoplasm closely misses you. The orc barely misses you.
The hobgoblin closely misses you.
The zap hits the endoplasm.
The endoplasm is severely wounded.
The orc hits you with a +0 dagger.
The orc wizard casts a spell.
The orc wizard flickers and vanishes!
Deactivating autopickup; reactivate with Ctrl-A.
The hobgoblin misses you. The endoplasm freezes you.
You are frozen.
The bat hits you.
You are too injured to fight recklessly!
You are too injured to fight recklessly!
Unknown command.
You hit the endoplasm.
The endoplasm is almost dead.
The bat hits you. The bat closely misses you. The hobgoblin hits you.
* * * LOW HITPOINT WARNING * * *
The endoplasm hits you.
* * * LOW HITPOINT WARNING * * *
You hit the endoplasm.
You kill the endoplasm!
The bat hits you.
* * * LOW HITPOINT WARNING * * *
The hobgoblin closely misses you.
You are too injured to fight recklessly!
You are too injured to fight recklessly!
You are too injured to fight recklessly!
You are too injured to fight recklessly!
You hit the orc.
The orc is moderately wounded.
The bat barely misses you. The hobgoblin closely misses you.
The orc barely misses you.
You completely miss the orc.
The orc is moderately wounded.
The orc barely misses you. The hobgoblin hits you.
You die...

.. # .#####. .
.......
.#.......
#........
#$.......
#o.......
#@g.o....
#..?..bo......
...............
...............
....!..........
...........<...
#######........
##.......


You could see 3 orcs, a hobgoblin and a bat.

Vanquished Creatures
  3 endoplasms
  A goblin (D:1)
  A kobold (D:2)
  A rat (D:1)
6 creatures vanquished.

Notes
Turn   | Place    | Note
-------+----------+-------------------------------------------
     0 | D:1      | MrFrogsmire the Demigod Air Elementalist began the quest
                  | for the Orb.
     0 | D:1      | Reached XP level 1. HP: 14/14 MP: 5/5
     3 | D:1      | Noticed an electric eel
   380 | D:3      | Noticed an orc wizard
   387 | D:3      | Slain by a hobgoblin

Illustrated notes

Levels and vault maps discovered:
D:1:      arrival_aquarium_b, layout_basic, basic_ecumenical_altar,
          minmay_tree_intersection
D:2:      layout_basic, serial_shops, nicolae_shop_behind_doors,
          minmay_diced_spiral
D:3:      layout_rooms, tgw_fedhas, grunt_ministairs_1,
          kennysheep_generic_room_5

Skill      XL: |  1 |
---------------+----+-----
Spellcasting   | 2 |  2.1
Dodging        | |  1.7
Stealth        | |  1.9
Conjurations   | |  0.8
Air Magic      | |  2.8

Action                   || total
-------------------------++-------
Melee: Whip              ||     4
 Cast: Shock             ||    18
Armor: Robe              ||     1
Dodge: Dodged            ||    13

Table legend: (Time is in decaauts)
 A = Elapsed time spent in this place.
 B = Non-inter-level travel time spent in this place.
 C = Inter-level travel time spent in this place.
 D = Time resting spent in this place.
 E = Time spent auto-exploring this place.
 F = Levels seen in this place.
 G = Mean time per level.
                   A        B        C        D        E       F      G
               +--------+--------+--------+--------+--------+-----+--------+
         Total |    385 |    116 |    269 |      0 |      0 |   3 |  128.3 |
       Dungeon |    385 |    116 |    269 |      0 |      0 |   3 |  128.3 |
               +--------+--------+--------+--------+--------+-----+--------+

Top non-repeatable levels by time:
     D:1: 352 daAuts
     D:2: 26 daAuts
     D:3: 7 daAuts
